 Dungeon Crawl Stone Soup version 0.16.1-30-g34a7ffa (webtiles) character file.

32981 ztt the Cleaver (level 13, -35/116 HPs)
             Began as a Minotaur Fighter on June 23, 2015.
             Was the Champion of Okawaru.
             Annihilated by a very large slime creature (54 damage)
             ... on level 7 of the Lair of Beasts.
             The game lasted 00:30:41 (16958 turns).

ztt the Cleaver (Minotaur Fighter)                 Turns: 16958, Time: 00:30:41

Health: -35/116    AC: 23    Str: 25    XL:     13   Next: 34%
Magic:  21/21      EV:  9    Int:  6    God:    Okawaru [******]
Gold:   781        SH:  0    Dex: 10    Spells: 0 memorised, 12 levels left

rFire  . . .     SeeInvis .     a - +1 war axe
rCold  . . .     Clarity  .     F - +1 plate armour
rNeg   + . .     SustAb   .     c - +0 shield
rPois  +         Gourm    .     (helmet restricted)
rElec  .         Spirit   .     i - +0 cloak
rCorr  .         Warding  +     (no gloves)
rMut   .         Stasis   .     m - +2 pair of boots {Stlth+}
MR     .....                    l - amulet of warding
Stlth  ..........               G - +2 ring of protection
                                g - ring of poison resistance

@: confused, not resistant to hostile enchantments, extremely unstealthy
A: retaliatory headbutt, horns 2
a: Heroism, Finesse, Renounce Religion


You were on level 7 of the Lair of Beasts.
You worshipped Okawaru.
Okawaru was exalted by your worship.
You were full.

You visited 4 branches of the dungeon, and saw 17 of its levels.

You collected 806 gold pieces.
You spent 25 gold pieces at shops.

Inventory:

Hand weapons
 a - a +1 war axe (weapon)
 b - a +2 scimitar of flaming
 n - a +2 battleaxe of pain
 S - the +3 battleaxe "Duotel" {venom, Dex+9}
   (Okawaru gifted it to you on level 2 of the Lair of Beasts)

   It poisons the flesh of those it strikes.
   It affects your dexterity (+9).
Armour
 c - a +0 shield (worn)
 i - a +0 cloak (worn)
 m - a +2 pair of boots of stealth (worn)
 F - a +1 plate armour (worn)
 X - a +0 pair of boots of flying
Jewellery
 g - a ring of poison resistance (left hand)
 l - an amulet of warding (around neck)
 z - an uncursed ring of teleportation
 G - a +2 ring of protection (right hand)
 K - an uncursed ring of wizardry
 Q - an uncursed amulet of regeneration {unknown}
Magical devices
 q - a wand of heal wounds (2)
 s - a wand of flame (10)
 y - a wand of lightning (3)
 A - a wand of slowing (27)
 B - a wand of disintegration (5)
 E - a wand of hasting (2)
 H - a wand of slowing (22)
 J - a wand of digging (5)
 M - a wand of paralysis (8)
 N - a wand of disintegration (10)
 O - a wand of magic darts (21)
 P - a wand of teleportation (3)
 R - a wand of magic darts (26)
 U - a wand of disintegration (16)
 W - a wand of lightning (6)
Scrolls
 t - 2 scrolls of fear
 u - 7 scrolls of remove curse
 w - 4 scrolls of teleportation
 x - 2 scrolls of recharging
 C - 2 scrolls of blinking
 I - a scroll of identify
 T - 2 scrolls of fog
 Z - a scroll of magic mapping
Potions
 h - a potion of agility {unknown}
 o - 6 potions of brilliance
 p - 2 potions of cancellation
 r - 3 potions of magic
 v - 2 potions of resistance
 D - a potion of cure mutation
 L - 3 potions of restore abilities
 V - 2 potions of invisibility
 Y - a potion of flight
Comestibles
 d - 12 bread rations
 f - 5 slices of pizza
 j - 3 beef jerkies
 k - 11 meat rations


   Skills:
 + Level 11.5 Fighting
 + Level 13.6 Axes
 + Level 11.2 Armour
 + Level 7.4 Dodging
 + Level 1.5 Stealth
 + Level 12.5 Shields
 + Level 1.6 Invocations
 * Level 9.0 Evocations


You had 12 spell levels left.
You didn't know any spells.

Dungeon Overview and Level Annotations

Branches:
Dungeon (8/15)             Temple (1/1) D:5            Lair (7/8) D:8
  Swamp (0/5) Lair:5       Spider (0/5) Lair:4        Slime (1/6) Lair:7

Altars:
Cheibriados
Dithmenos
Elyvilon
Fedhas
Gozag
Kikubaaqudgha
Makhleb
Nemelex Xobeh
Okawaru
Qazlal
Ru
Sif Muna
Trog
Vehumet
Xom
Yredelemnul
Zin
The Shining One

Shops:
D:4 ?}   D:6 *

Annotations:
D:8 Maurice


Innate Abilities, Weirdness & Mutations

You reflexively headbutt those who attack you in melee.
You have a pair of horns on your head.


Message History

The golden eye blinks at you.
You are more confused.
The very large slime creature hits you but does no damage.
You hit the golden eye.
The golden eye is lightly wounded.
The very large slime creature hits you!!!
* * * LOW HITPOINT WARNING * * *
The golden eye blinks!
The golden eye blinks at you. You resist with almost no effort.
The very large slime creature barely misses you.
You closely miss the very large slime creature.
You headbutt the very large slime creature!
The very large slime creature is lightly wounded.
The golden eye blinks at you.
You are more confused.
The golden eye blinks at you.
You are more confused.
The very large slime creature hits you!!!
You die... ...............................## P...#.........................#.# ................P...............# P....P........PP#...G...........P PPP..#P.........................# PPPPP##..........................
PPPP......)......................

P.P#.............................
..PP.....#.#..##@##............|.
.....P..#.#....JJ##..............
....P...##......G##....###.......
........##.#...#.##....# ##......
........####....##.....####...#P.
#............>...................
.#>..P..##.#...#.##..............
........#........#.....P.........
........#..#.##..##............#.


You could see 2 very large slime creatures and 2 golden eyes.

Vanquished Creatures
  Fannar (Lair:4)
  An ice dragon (Lair:6)
  A hydra (Lair:6)
  Erica (Lair:4)
  A swamp dragon (Lair:5)
  A griffon (Lair:6)
  2 black mambas
  12 elephants
  A torpor snail (Lair:7)
  Joseph (D:8)
  14 spiny frogs
  6 komodo dragons
  2 kobold demonologists (D:7)
  4 fire drakes
  A jumping spider (Lair:4)
  A polar bear (Lair:6)
  16 blink frogs
  3 basilisks
  A human (D:7)
  2 redbacks (Lair:4)
  A wyvern (D:7)
  23 yaks
  A hog (D:7)
  3 hippogriffs
  Grum (D:8)
  4 wolves
  Edmund (D:8)
  5 ice beasts
  2 orc warriors (D:8)
  A sky beast (D:6)
  A necrophage (D:7)
  10 porcupines
  11 water moccasins
  3 ogres
  3 phantoms
  13 crocodiles
  A boring beetle (Lair:5)
  A centaur (D:7)
  3 big kobolds (D:7)
  A water moccasin zombie (D:7)
  9 giant frogs
  3 killer bees (D:8)
  A giant frog zombie (D:5)
  5 hounds
  6 crimson imps
  14 jellies
  A goliath beetle (D:6)
  A quasit (D:7)
  10 orc priests
  14 orc wizards
  A centaur skeleton (D:7)
  7 iguanas
  7 worker ants
  15 sheep
  Jessica (D:2)
  20 river rats
  14 adders
  A worm zombie (D:5)
  4 giant mites
  A worm (D:3)
  An ooze (Lair:7)
  40 orcs
  A ball python (D:3)
  15 bats
  2 bat zombies
  14 goblins
  15 hobgoblins
  5 jackals
  11 quokkas
  A ball python skeleton (D:5)
  5 giant cockroaches
  2 giant geckos
  A giant gecko skeleton (D:7)
  5 giant newts
  14 kobolds
  9 rats
  A fungus (Lair:6)
  2 plants
440 creatures vanquished.

Notes
Turn   | Place    | Note
--------------------------------------------------------------
     0 | D:1      | ztt, the Minotaur Fighter, began the quest for the Orb.
     0 | D:1      | Reached XP level 1. HP: 19/19 MP: 1/1
   410 | D:1      | Reached XP level 2. HP: 27/27 MP: 1/1
   433 | D:1      | Reached skill level 4 in Fighting
  1306 | D:2      | Reached XP level 3. HP: 30/33 MP: 2/2
  1327 | D:2      | Noticed Jessica
  1331 | D:2      | Killed Jessica
  1603 | D:3      | Reached XP level 4. HP: 33/41 MP: 2/2
  1744 | D:3      | Reached skill level 1 in Dodging
  2144 | D:3      | Reached XP level 5. HP: 42/47 MP: 2/2
  2553 | D:4      | Found Neos' Gadget Shop.
  2722 | D:4      | Reached skill level 5 in Fighting
  2731 | D:4      | Reached skill level 5 in Armour
  2773 | D:4      | Reached XP level 6. HP: 47/56 MP: 3/3
  3078 | D:4      | Noticed an ogre
  3086 | D:4      | Killed an ogre
  3086 | D:4      | Reached skill level 5 in Shields
  3287 | D:4      | Found Khiurhe's Magic Scroll Shop.
  3543 | D:5      | Entered Level 5 of the Dungeon
  3611 | D:5      | Reached XP level 7. HP: 56/61 MP: 3/3
  3624 | D:5      | Found a staircase to the Ecumenical Temple.
  3834 | D:5      | Reached skill level 5 in Axes
  3837 | D:5      | Reached skill level 6 in Armour
  4106 | Temple   | Entered the Ecumenical Temple
  4208 | Temple   | Became a worshipper of Warmaster Okawaru
  4583 | D:5      | Reached XP level 8. HP: 54/70 MP: 3/3
  5105 | D:6      | Found an iron altar of Okawaru.
  5130 | D:6      | Reached skill level 7 in Armour
  5317 | D:6      | Reached skill level 5 in Dodging
  5336 | D:6      | Acquired Okawaru's first power
  5364 | D:6      | Found Nuruo's Assorted Antiques.
  5383 | D:6      | Bought a scroll labeled XODETW SELIONN for 25 gold pieces
  6078 | D:7      | Noticed a kobold demonologist
  6081 | D:7      | Noticed a kobold demonologist
  6092 | D:7      | Noticed a hellwing
  6099 | D:7      | Killed a kobold demonologist
  6099 | D:7      | Reached skill level 1 in Evocations
  6099 | D:7      | Reached XP level 9. HP: 69/78 MP: 1/5
  6107 | D:7      | Killed a kobold demonologist
  6107 | D:7      | Reached skill level 1 in Stealth
  6432 | D:7      | Reached skill level 8 in Shields
  7276 | D:8      | Found a staircase to the Lair.
  7399 | D:8      | Noticed Grum
  7414 | D:8      | Reached XP level 10. HP: 64/86 MP: 10/10
  7420 | D:8      | Killed Grum
  7437 | D:8      | Noticed Joseph
  7481 | D:8      | Killed Joseph
  7912 | D:8      | Found an iron altar of Okawaru.
  8314 | D:8      | Noticed Maurice
  8514 | D:8      | Noticed Edmund
  8524 | D:8      | Killed Edmund
  8524 | D:8      | Reached skill level 9 in Axes
  8563 | Lair:1   | Entered Level 1 of the Lair of Beasts
  9005 | Lair:1   | Reached skill level 5 in Evocations
  9257 | Lair:1   | Noticed a black mamba
  9271 | Lair:1   | Killed a black mamba
  9604 | Lair:1   | Acquired Okawaru's second power
  9604 | Lair:1   | Reached skill level 10 in Axes
  9704 | Lair:2   | Reached XP level 11. HP: 78/95 MP: 11/14
 10098 | Lair:2   | Received a gift from Okawaru
 10103 | Lair:2   | Got a crude battleaxe {god gift}
 10109 | Lair:2   | Identified the +3 battleaxe "Duotel" {venom, Dex+9} (Okawaru gifted it to you on level 2 of the Lair of Beasts)
 10308 | Lair:2   | Reached skill level 1 in Invocations
 10489 | Lair:2   | Noticed a black mamba
 10493 | Lair:2   | Killed a black mamba
 10493 | Lair:2   | Reached skill level 10 in Shields
 10771 | Lair:3   | Noticed a four-headed hydra
 10911 | Lair:4   | Noticed Erica
 10925 | Lair:4   | Killed Erica
 10925 | Lair:4   | Reached skill level 11 in Axes
 10981 | Lair:4   | Noticed Fannar
 11027 | Lair:4   | Killed Fannar
 11117 | Lair:4   | HP: 4/97 [crocodile (5)]
 11447 | Lair:4   | Received a gift from Okawaru
 12554 | Lair:4   | Reached XP level 12. HP: 67/106 MP: 18/18
 12823 | Lair:4   | Found a hole to the Spider Nest.
 12909 | Lair:4   | Reached skill level 10 in Fighting
 12909 | Lair:4   | Reached skill level 10 in Armour
 13420 | Lair:5   | Reached skill level 12 in Axes
 13530 | Lair:5   | Received a gift from Okawaru
 13535 | Lair:5   | Got a dazzling shield {god gift}
 13546 | Lair:5   | Identified the -3 shield of Okawaru's Envy {rPois} (Okawaru gifted it to you on level 5 of the Lair of Beasts)
 13818 | Lair:5   | Found a staircase to the Swamp.
 15002 | Lair:6   | Noticed an eight-headed hydra
 15011 | Lair:6   | Killed a three-headed hydra
 15011 | Lair:6   | Reached skill level 13 in Axes
 15062 | Lair:6   | Received a gift from Okawaru
 15707 | Lair:6   | Noticed an ice dragon
 15718 | Lair:6   | Reached XP level 13. HP: 116/116 MP: 21/21
 15766 | Lair:6   | Killed an ice dragon
 16119 | Lair:7   | Found a staircase to the Slime Pits.
 16937 | Slime:1  | Entered Level 1 of the Pits of Slime
 16958 | Lair:7   | Annihilated by a very large slime creature

Action                   |  1- 3 |  4- 6 |  7- 9 | 10-12 | 13-15 || total
-------------------------+-------+-------+-------+-------+-------++-------
Melee: War axe           |    60 |   144 |   389 |   854 |   241 ||  1688
       Battleaxe         |       |       |       |    33 |       ||    33
       Scimitar          |       |       |       |     6 |       ||     6
Invok: Heroism           |       |       |     1 |     8 |     1 ||    10
Evoke: Wand              |       |       |     3 |     2 |       ||     5
  Use: Scroll            |     8 |     5 |     3 |    12 |     2 ||    30
       Potion            |       |       |     1 |     1 |     2 ||     4
  Eat: Chunk             |     2 |     5 |     6 |     7 |     1 ||    21
       Meat ration       |       |     1 |       |       |       ||     1
       Beef jerky        |       |       |     2 |       |     1 ||     3
       Pizza             |       |       |       |     3 |       ||     3
       Fruit             |       |       |       |     8 |     5 ||    13
       Bread ration      |       |       |       |     2 |     1 ||     3
